 Dungeon Crawl Stone Soup version 0.30.0-5-g1a98f26d00 (webtiles) character file.

Game seed: 11571737519363656791

380 Foic the Caller (level 6, -6/28 HPs)
             Began as a Vine Stalker Summoner on May 9, 2023.
             Was an Initiate of Sif Muna.
             Shot with an arrow by a centaur (9 damage)
             ... on level 5 of the Dungeon on May 10, 2023.
             The game lasted 00:39:06 (5550 turns).

Foic the Caller (Vine Stalker Summoner)             Turns: 5550, Time: 00:39:07

Health: -6/28      AC:  2    Str:  8 (10) XL:     6   Next: 75%
Magic:  0/13       EV: 12    Int: 16 (17) God:    Sif Muna [......]
Gold:   223        SH:  5    Dex: 15      Spells: 7/13 levels left

rFire   . . .        u - +3 dagger (protect)
rCold   + + .        q - +2 buckler {rC+}
rNeg    . . .        a - +0 robe
rPois   .            (no helmet)
rElec   .            (no cloak)
rCorr   +            (no gloves)
SInv    .            (no boots)
Will    .....        (no amulet)
Stlth   +++          i - ring of resist corrosion
HPRegen 1.04/turn    (no ring)
MPRegen 0.13/turn

%: guardian spirit
@: no status effects
A: fangs 2, regeneration 1, magic shield, antimagic bite, no potion heal 2, cold
resistance 1, deterioration 1
a: Renounce Religion


You were on level 5 of the Dungeon.
You worshipped Sif Muna.
Sif Muna was noncommittal.
You visited 2 branches of the dungeon, and saw 6 of its levels.

You collected 223 gold pieces.

Inventory:

Hand Weapons
 u - a +3 dagger of protection (weapon)
Missiles
 d - 3 curare-tipped darts
 e - 8 poisoned darts (quivered)
Armour
 a - a +0 robe (worn)
 g - a +0 leather armour
 q - a +2 buckler of cold resistance (worn)
Jewellery
 i - a ring of resist corrosion (left hand)
Wands
 j - a wand of iceblast (4)
 p - a wand of mindburst (11)
Scrolls
 f - a scroll of amnesia {unknown}
 h - a scroll of teleportation {unknown}
 k - 6 scrolls of identify {unknown}
 m - a scroll of magic mapping {unknown}
 n - a scroll of vulnerability {unknown}
 o - a scroll of noise {unknown}
 t - a scroll of enchant armour {unknown}
Potions
 b - a potion of magic
 c - 2 potions of might
 l - 4 potions of curing
 r - a potion of flight
 s - a potion of lignification {unknown}


   Skills:
 + Level 2.7 Dodging
 + Level 4.2 Stealth
 * Level 4.4 Spellcasting
 * Level 5.5 Summonings


You had 7 spell levels left.
You knew the following spells:

 Your Spells              Type           Power      Damage    Failure   Level
a - Summon Small Mammal   Summ           84%        N/A       2%          1
b - Call Imp              Summ           42%        N/A       4%          2
c - Call Canine Familiar  Summ           21%        N/A       8%          3

Your spell library contained the following spells:

 Spells                   Type           Power      Damage    Failure   Level
 Kiss of Death            Conj/Necr      12%        2d6       26%         1
 Shock                    Conj/Air       12%        1d3       26%         1
 Summon Guardian Golem    Hex/Summ       12%        N/A       26%         3
 Confusing Touch          Hex            3%         N/A       61%         3
 Swiftness                Air            3%         N/A       61%         3
 Summon Lightning Spire   Summ/Air       12%        N/A       63%         4
 Airstrike                Air            1%         2d(1-17)  95%         4
 Dispel Undead            Necr           3%         3d7       95%         4


Dungeon Overview and Level Annotations

Branches:
Dungeon (5/15)             Temple (1/1) D:4

Altars:
Ashenzari
Cheibriados
Dithmenos
Elyvilon
Fedhas
Gozag
Hepliaklqana
Kikubaaqudgha
Makhleb
Nemelex Xobeh
Okawaru
Ru
Sif Muna
Uskayaw
Vehumet
Wu Jian
Xom
Yredelemnul
Zin
The Shining One

Shops:
D:2 =   D:5 ?


Innate Abilities, Weirdness & Mutations

You have extremely sharp teeth.
Your natural rate of healing is unusually fast.
When hurt, damage is shared between your health and your magic reserves.
Your bite disrupts and absorbs the magic of your enemies.
Potions cannot restore your health.
Your flesh is cold resistant. (rC+)
Your body sometimes deteriorates upon taking damage.


Message History

* * * LOW HITPOINT WARNING * * *
Your body deteriorates!
You feel weakened.
The centaur shoots an arrow.
The arrow barely misses your cerulean imp.
The arrow barely misses you.
Your cerulean imp barely misses the centaur.
Your cerulean imp hits the centaur but does no damage.
Something misses your cerulean imp. Something kicks your cerulean imp.
Casting: Call Imp (safe; 4% risk of failure)
Confirm with . or Enter, or press ? or * to list all spells.
Okay, then.
Your cerulean imp hits the centaur with a -2 spear.
The centaur hits your cerulean imp.
The centaur completely misses your cerulean imp.
Your cerulean imp closely misses the centaur.
The centaur hits your cerulean imp.
The centaur barely misses your cerulean imp.
The centaur wields a +0 shortbow.
The centaur shoots an arrow.
The arrow misses your cerulean imp. The arrow closely misses you.
Your cerulean imp hits the centaur with a -2 spear.
The centaur unwields a +0 shortbow.
The centaur hits your cerulean imp. The centaur misses your cerulean imp.
Your cerulean imp hits the centaur but does no damage.
The centaur wields a +0 shortbow.
The centaur shoots an arrow.
The arrow closely misses your cerulean imp.
The arrow hits you!
* * * LOW HITPOINT WARNING * * *
Your cerulean imp closely misses the centaur.
The centaur shoots an arrow.
The arrow hits your cerulean imp.
Your cerulean imp dies!
Your cerulean imp disappears in a puff of smoke!
Magic courses through your body.
The centaur shoots an arrow.
The arrow hits you!
* * * LOW HITPOINT WARNING * * *
Casting: Call Imp (safe; 4% risk of failure)
Confirm with . or Enter, or press ? or * to list all spells.
The spell is quite dangerous to miscast (8% risk of failure)!
Continue anyway?
The centaur shoots an arrow.
The arrow barely misses your hound. The arrow hits you!
You die...

#.. #.# #.# #
#.#.#
#############.#.##
......c5.......<.#
.############c#.##
#h# # #@# #.#
#.#########
#.........#
####.####.# #..#
#.# ##.# #.# #'#
#.# #.# #.#


You could see a centaur (ally target) and a friendly hound (summoned).

Vanquished Creatures
  Dowan (D:4)
  A giant cockroach (D:1)
  A rat (D:3)
3 creatures vanquished.

Vanquished Creatures (collateral kills)
  Duvessa (D:4)
  An ice beast (D:3)
  A scorpion (D:4)
  A mummy (D:4)
  An adder (D:4)
  2 worms
  2 dart slugs (D:4)
  2 bats
  5 endoplasms
  5 goblins
  7 hobgoblins
  3 kobolds
  3 quokkas
  5 ball pythons
  5 frilled lizards
  A goblin zombie (D:4)
  An orc zombie (D:4)
  4 rats
50 creatures vanquished.

Grand Total: 53 creatures vanquished

Notes
Turn   | Place    | Note
-------+----------+-------------------------------------------
     0 | D:1      | Foic the Vine Stalker Summoner began the quest for the Orb.
     0 | D:1      | Reached XP level 1. HP: 9/9 MP: 4/4
   179 | D:1      | Reached XP level 2. HP: 13/13 MP: 4/6
   204 | D:1      | Learned a level 2 spell: Call Imp
   970 | D:2      | Found Zudeysiv's Jewellery Shoppe.
  1520 | D:2      | Reached XP level 3. HP: 16/16 MP: 3/7
  1524 | D:2      | Learned a level 3 spell: Call Canine Familiar
  1589 | D:2      | Gained mutation: Your body sometimes deteriorates upon
                  | taking damage. [potion of mutation]
  1589 | D:2      | Gained mutation: Your flesh is cold resistant. (rC+)
                  | [potion of mutation]
  1589 | D:2      | Gained mutation: You do not regenerate when monsters are
                  | visible. [potion of mutation]
  1793 | D:3      | Found a faded altar of an unknown god.
  2723 | D:3      | Noticed an ice beast
  3076 | D:3      | Killed an ice beast
  3077 | D:3      | Lost mutation: You do not regenerate when monsters are
                  | visible. [Vine Stalker growth]
  3077 | D:3      | Gained mutation: Your natural rate of healing is unusually
                  | fast. [Vine Stalker growth]
  3077 | D:3      | Reached XP level 4. HP: 21/21 MP: 0/10
  3077 | D:3      | Reached XP level 5. HP: 24/24 MP: 0/11
  3263 | D:4      | Identified the +0 helmet of Arcadian Amelioration {rElec
                  | Int-4 Dex+2}
  3598 | D:4      | Found a radiant altar of Vehumet.
  3683 | D:4      | Found a staircase to the Ecumenical Temple.
  3698 | D:4      | Reached skill level 5 in Summonings
  4110 | D:4      | Reached XP level 6. HP: 28/28 MP: 7/12
  4177 | D:4      | Noticed Duvessa
  4177 | D:4      | Noticed Dowan
  4304 | Temple   | Entered the Ecumenical Temple
  4810 | Temple   | Became a worshipper of Sif Muna the Loreminder
  5003 | D:4      | Killed Duvessa
  5339 | D:4      | Killed Dowan
  5471 | D:5      | Entered Level 5 of the Dungeon
  5471 | D:5      | Found Veozxal's Magic Scroll Boutique.
  5550 | D:5      | Shot with an arrow by a centaur

Illustrated notes

Levels and vault maps discovered:
D:1:      denvon_arrival_waterhouse, layout_rooms, chequers_serial_rivers_room_a
D:2:      layout_loops_corners, serial_shops, shop_fountains,
          mrwooster_statue_mirror
D:3:      layout_loops_ring, ebering_ecumenical_altar_petrified,
          serial_bayou_crossing
D:4:      layout_gridville, lemuel_tele_altar, minmay_temple_entry_stoned_glass,
          nicolae_ossuary_entry_giza, hangedman_decor_points, chequers_jeans,
          minmay_checkerbox, uniq_duvessa
D:5:      layout_basic, serial_shops, nicolae_shop_back_alley_shop,
          nicolae_shop_hallway_stairs, shop, uniq_crazy_yiuf_cottage
Temple:   nicolae_temple_bog_church

Skill      XL: |  1  2  3  4  5  6 |
---------------+-------------------+-----
Stealth        | 3 4 |  4.2
Dodging        | 2 |  2.7
Spellcasting   | 3 4 |  4.4
Summonings     | 5 |  5.5

Action                     |  1- 3 |  4- 6 || total
---------------------------+-------+-------++-------
  Melee: Unarmed           |     9 |     4 ||    13
         Bite              |     3 |     1 ||     4
  Throw: Dart              |    11 |       ||    11
   Cast: Summon Small Mamm |    84 |    29 ||   113
         Call Imp          |    17 |     9 ||    26
         Call Canine Famil |    12 |    15 ||    27
  Evoke: Wand              |       |     2 ||     2
    Use: Potion            |     7 |     1 ||     8
 Armour: Robe              |     2 |       ||     2
  Dodge: Dodged            |     6 |    11 ||    17
  Block: Buckler           |       |     2 ||     2
